 Dungeon Crawl Stone Soup version 0.31.0-11-ge490571c62 (webtiles) character file.

Game seed: 16798405537846620777

2642 qw the Markself (level 9, 0/50 HPs)
             Began as a Deep Elf Hunter on Feb 5, 2024.
             Was a Priest of Okawaru.
             Slain by a wyvern (14 damage)
             ... on level 8 of the Dungeon.
             The game lasted 00:03:31 (6175 turns).

qw the Markself (Deep Elf Hunter)                   Turns: 6175, Time: 00:03:32

Health: 0/50       AC: 11    Str: 12    XL:     9   Next: 35%
Magic:  14/14      EV: 15    Int: 18    God:    Okawaru [***...]
Gold:   350        SH:  0    Dex: 18    Spells: 8/8 levels left

rFire   + . .        c - +1 longbow (heavy)
rCold   . . .        (shield currently unavailable)
rNeg    . . .        z - +0 scale mail {rC+}
rPois   +            y - +1 helmet
rElec   +            o - scarf {repulsion}
rCorr   .            p - +1 pair of gloves
SInv    .            i - +0 pair of boots
Will    .....        m - amulet of the acrobat
Stlth   +            q - ring of the Evil One {rElec EV+5}
HPRegen 0.28/turn    w - ring of the Skies Above {Fire +Blink rPois Int+3}
MPRegen 0.14/turn

%: repel missiles, acrobat
@: no status effects
A: MP-powered wands
a: Renounce Religion, Evoke Blink, Heroism


You were on level 8 of the Dungeon.
You worshipped Okawaru.
Okawaru was most pleased with you.
You visited 2 branches of the dungeon, and saw 9 of its levels.
You also visited: Sewer.

You collected 518 gold pieces.
You spent 168 gold pieces at shops.


Innate Abilities, Weirdness & Mutations

You expend magic power (3 MP) to strengthen your wands.


   Skills:
 + Level 3.0 Fighting
 - Level 15.0 Ranged Weapons
 - Level 2.0 Armour
 - Level 4.3 Dodging
 - Level 1.2 Stealth
 - Level 4.0 Invocations


You had 8 spell levels left.
You didn't know any spells.
Your spell library was empty.

Inventory:

Hand Weapons
 c - a +1 heavy longbow (weapon)
Armour
 h - a +0 ring mail
 i - a +0 pair of boots (worn)
 j - a +1 robe of fire resistance
 o - a scarf of repulsion (worn)
 p - a +1 pair of gloves (worn)
 y - a +1 helmet (worn)
 z - a +0 scale mail of cold resistance (worn)
Jewellery
 g - an amulet of guardian spirit
 l - a ring of willpower
 m - an amulet of the acrobat (around neck)
 q - the ring of the Evil One (left hand) {rElec EV+5}
   (You acquired it on level 5 of the Dungeon)

   [ring of evasion]

   EV+5:      It affects your evasion (+5).
   rElec:     It insulates you from electricity.
 t - a ring of positive energy
 v - a ring of resist corrosion
 w - the ring of the Skies Above (right hand) {Fire +Blink rPois Int+3}
   (You found it in a sewer)

   [ring of fire]

   Fire:      It enhances your fire magic.
   Int+3:     It affects your intelligence (+3).
   rF+:       It protects you from fire.
   rC-:       It makes you vulnerable to cold.
   rPois:     It protects you from poison +Blink: It lets you blink.
 Y - a ring of protection from cold
Wands
 n - a wand of mindburst (16)
 A - a wand of paralysis (10)
Scrolls
 s - 3 scrolls of teleportation
Potions
 a - 2 potions of resistance
 b - 2 potions of cancellation
 d - a potion of haste
 e - 2 potions of heal wounds
 f - 3 potions of curing
 k - a potion of might
 r - 2 potions of enlightenment
 u - a potion of degeneration {unknown}
 x - a potion of mutation

Dungeon Overview and Level Annotations

Branches:
Dungeon (8/15)             Temple (1/1) D:5           Sewer (visited)
   Lair: D:8-11

Altars:
Ashenzari
Cheibriados
Dithmenos
Elyvilon
Fedhas
Gozag
Hepliaklqana
Kikubaaqudgha
Makhleb
Nemelex Xobeh
Okawaru
Qazlal
Ru
Sif Muna
Trog
Uskayaw
Vehumet
Wu Jian
Xom
Yredelemnul
Zin
The Shining One

Shops:
D:3 (:!*   D:7 [   D:8 (


Message History

The orc barely misses you.
You shoot an arrow. The arrow hits the orc!!
You kill the orc!
Okawaru accepts your kill.
n - a wand of mindburst (16)
There is an entrance to Xowemp's Antique Weapon Emporium here.
You now have 320 gold pieces (gained 17).
You now have 335 gold pieces (gained 15).
Found a club.
Found 6 stones.
A - a wand of paralysis (10)
You now have 350 gold pieces (gained 15).
Found a robe.
Found a stone staircase leading up.
Found an escape hatch in the ceiling.
You open the door.
Found a snail-covered altar of Cheibriados.
Found an escape hatch in the floor.
A wyvern comes into view.
The wyvern hisses angrily.
You shoot an arrow. The arrow hits the wyvern!!
The wyvern is almost dead.
You shoot an arrow. The arrow closely misses the wyvern.
The wyvern closely misses you.
You shoot an arrow. The arrow closely misses the wyvern.
The wyvern bites you!
The wyvern bites you but does no damage.
You shoot an arrow. The arrow hits the wyvern.
The wyvern is almost dead.
The wyvern completely misses you. x2; The wyvern barely misses you.
You shoot an arrow. The arrow closely misses the wyvern.
The wyvern bites you!
The wyvern bites you but does no damage.
You shoot an arrow. The arrow hits the wyvern.
The wyvern is almost dead.
The wyvern bites you but does no damage.
The wyvern bites you.
You shoot an arrow. The arrow closely misses the wyvern.
The wyvern closely misses you. The wyvern bites you! x2
You die...

###+## #....# #....# .
+....##### ...
#........#
..[..###........#
......k@....)...#
..######.###...## #
#~~~~'.###...# #
#~.>~#..<#...#########
#~}_~#.###...##?......
#~~~ #.......##.......
#### #.###.#...(..<)..
..#...#..........
..###.#.##.......


You could see a wyvern.

Vanquished Creatures
  3 water moccasins
  2 ice beasts (D:6)
  2 sky beasts (D:6)
  3 black bears
  An orc warrior (D:7)
  An ogre (D:6)
  A crocodile (Sewer)
  A kobold brigand (D:7)
  3 scorpions
  5 howler monkeys (D:7)
  2 jellies
  4 hounds
  5 orc priests (D:7)
  A gnoll bouda (D:6)
  2 sleepcaps (D:5)
  Jessica (D:2)
  5 iguanas
  3 orc wizards (D:7)
  Natasha (thrice) (D:2)
  Robin (D:2)
  4 gnolls
  9 adders
  2 white imps
  3 dart slugs (D:3)
  5 ribbon worms
  11 orcs
  A ball python (D:1)
  4 bats
  4 endoplasms
  7 goblins
  12 hobgoblins
  16 jackals
  14 kobolds
  3 quokkas
  2 frilled lizards (D:2)
  5 rats
151 creatures vanquished.

Notes
Turn   | Place    | Note
-------+----------+-------------------------------------------
     0 | D:1      | qw the Deep Elf Hunter began the quest for the Orb.
     0 | D:1      | Reached XP level 1. HP: 12/12 MP: 3/3
     0 | D:1      | 0 ||| qw: Version: 0.3-a-160-g6735b56
     0 | D:1      | 0 ||| qw: Game counter: 6519
     0 | D:1      | 0 ||| qw: Melee chars always use a shield: true
     0 | D:1      | 0 ||| qw: God list: Okawaru
     0 | D:1      | 0 ||| qw: Allow faded altars: false
     0 | D:1      | 0 ||| qw: Do Orc after clearing Dungeon:15 true
     0 | D:1      | 0 ||| qw: Do second Lair branch before Depths: true
     0 | D:1      | 0 ||| qw: Lair rune preference: random
     0 | D:1      | 0 ||| qw: Goals: Normal
     0 | D:1      | 0 ||| PLANNING D:1-11
   230 | D:1      | Reached skill level 6 in Ranged Weapons
   230 | D:1      | Reached XP level 2. HP: 7/16 MP: 4/4
   307 | D:1      | HP: 3/16 [jackal (3)]
   473 | D:1      | Reached XP level 3. HP: 13/20 MP: 5/5
   778 | D:1      | 778 ||| UPGRADING to +0 pair of boots.
   783 | D:1      | 783 ||| UPGRADING to amulet of guardian spirit.
   788 | D:1      | 788 ||| UPGRADING to ring of protection from cold.
   789 | D:1      | 789 ||| READING scroll labelled AMUEDO ZOLODD.
   794 | D:1      | 794 ||| READING scroll labelled KORGHO GEPSE.
   795 | D:1      | 795 ||| DROPPING scroll of butterflies.
   826 | D:2      | Reached skill level 7 in Ranged Weapons
   879 | D:2      | Noticed Natasha
   884 | D:2      | 884 ||| RETREEEEATING.
   885 | D:2      | 885 ||| RETREEEEATING.
   886 | D:2      | 886 ||| RETREEEEATING.
   888 | D:2      | 888 ||| RETREEEEATING.
   896 | D:2      | HP: 3/20 [cerulean imp/+2 spear[Natasha] (3)]
   898 | D:2      | HP: 1/20 [cerulean imp/+2 spear[Natasha] (3)]
   901 | D:2      | Killed Natasha
   902 | D:2      | Reached XP level 4. HP: 2/25 MP: 0/6
  1058 | D:2      | Noticed Natasha
  1060 | D:2      | Killed Natasha
  1061 | D:2      | Reached skill level 8 in Ranged Weapons
  1076 | D:2      | Noticed Natasha
  1085 | D:2      | Killed Natasha
  1086 | D:2      | Reached XP level 5. HP: 12/29 MP: 3/7
  1236 | D:2      | Noticed Jessica
  1241 | D:2      | Killed Jessica
  1333 | D:2      | Noticed Robin
  1336 | D:2      | Reached skill level 9 in Ranged Weapons
  1339 | D:2      | Killed Robin
  1650 | D:2      | 1650 ||| UPGRADING to +1 robe of fire resistance.
  1660 | D:2      | 1660 ||| UPGRADING to +0 helmet.
  1665 | D:2      | 1665 ||| UPGRADING to ring of positive energy.
  1666 | D:2      | 1666 ||| READING scroll labelled VADIJI FATAICA.
  1666 | D:2      | 1666 ||| ENCHANTING +0 shortbow.
  1667 | D:2      | 1667 ||| READING scroll labelled ZOLONU NUTO.
  1668 | D:2      | 1668 ||| READING scroll labelled SAGRAROQYV.
  1669 | D:2      | 1669 ||| READING scroll labelled BEDAR COULOGH.
  1781 | D:3      | 1781 ||| STAIRDANCE
  1812 | D:3      | Reached skill level 3 in Dodging
  1908 | D:3      | Found Xyngiac's Weapon Emporium.
  2017 | D:3      | Found Weucvow's Distillery.
  2026 | D:3      | 2026 ||| BUYING potion of curing (42 gold).
  2026 | D:3      | Bought a potion of curing for 42 gold pieces
  2026 | D:3      | 2026 ||| SHOPLISTING potion of haste (140 gold, have 130).
  2026 | D:3      | 2026 ||| BUYING potion of heal wounds (70 gold).
  2026 | D:3      | Bought a potion of heal wounds for 70 gold pieces
  2026 | D:3      | 2026 ||| BUYING potion of might (56 gold).
  2026 | D:3      | Bought a potion of might for 56 gold pieces
  2026 | D:3      | 2026 ||| SHOPLISTING potion of resistance (140 gold, have
                  | 4).
  2124 | D:3      | Found Peduz's Book Shoppe.
  2279 | D:3      | Found Fado's Assorted Antiques.
  2286 | D:3      | 2286 ||| SHOPLISTING lead wand (92 gold, have 17).
  2286 | D:3      | 2286 ||| SHOPLISTING scroll of teleportation (69 gold, have
                  | 17).
  2286 | D:3      | 2286 ||| SHOPLISTING silvery potion (20 gold, have 17).
  2392 | D:3      | 2392 ||| DROPPING +0 leather armour.
  2393 | D:3      | 2393 ||| UPGRADING to +0 ring mail.
  2403 | D:3      | 2403 ||| READING scroll labelled ZEKHAX OFFIL.
  2403 | D:3      | Identified a scroll of acquirement
  2403 | D:3      | 2403 ||| ACQUIRING +1 longbow of electrocution
  2403 | D:3      | Acquired a +1 longbow of electrocution
  2405 | D:3      | 2405 ||| SWAPPING to +1 longbow of electrocution.
  2406 | D:3      | 2406 ||| DROPPING +1 shortbow.
  2407 | D:3      | 2407 ||| DRINKING 2 amethyst potions.
  2492 | D:4      | Reached XP level 6. HP: 35/35 MP: 8/8
  2725 | D:4      | Found a hide-covered altar of Uskayaw.
  2740 | D:4      | Reached skill level 1 in Armour
  3049 | D:4      | 3049 ||| UPGRADING to scarf of repulsion.
  3054 | D:4      | 3054 ||| READING scroll labelled CEWEIFA QARER.
  3055 | D:4      | 3055 ||| READING 3 scrolls labelled QYTONEUTOM.
  3055 | D:4      | 3055 ||| IDENTIFYING murky puce potion
  3056 | D:4      | 3056 ||| READING 2 scrolls of identify.
  3056 | D:4      | 3056 ||| IDENTIFYING green potion
  3057 | D:4      | 3057 ||| READING scroll of identify.
  3057 | D:4      | 3057 ||| IDENTIFYING 2 emerald potions
  3058 | D:4      | 3058 ||| READING scroll labelled PAUPRI DIOSONNIO.
  3104 | D:4      | 3104 ||| DROPPING potion of invisibility.
  3105 | D:4      | 3105 ||| DROPPING potion of brilliance.
  3139 | D:5      | Entered Level 5 of the Dungeon
  3221 | D:5      | Found a hazy altar of Hepliaklqana.
  3322 | D:5      | Found a staircase to the Ecumenical Temple.
  3323 | D:5      | 3323 ||| PLANNING TEMPLE
  3329 | D:5      | Reached skill level 10 in Ranged Weapons
  3329 | D:5      | Reached XP level 7. HP: 40/40 MP: 9/9
  3333 | Temple   | Entered the Ecumenical Temple
  3334 | Temple   | 3334 ||| PLANNING OKAWARU WORSHIP
  3341 | Temple   | Became a worshipper of Warmaster Okawaru
  3342 | Temple   | 3342 ||| PLANNING D:1-11
  3342 | Temple   | 3342 ||| REMOVING amulet of guardian spirit.
  3676 | D:5      | Reached skill level 11 in Ranged Weapons
  3744 | D:5      | 3744 ||| READING scroll of acquirement.
  3744 | D:5      | 3744 ||| ACQUIRING ring of the Evil One {rElec EV+5}
  3744 | D:5      | Acquired the ring of the Evil One {rElec EV+5}
  3746 | D:5      | 3746 ||| UPGRADING to ring of the Evil One {rElec EV+5}.
  3980 | D:5      | Found a glowing golden altar of the Shining One.
  3980 | D:5      | Found a burning altar of Makhleb.
  3988 | D:5      | Found a faded altar of an unknown god.
  3990 | D:5      | Found a sparkling altar of Nemelex Xobeh.
  3992 | D:5      | Found a white marble altar of Elyvilon.
  4077 | D:5      | 4077 ||| UPGRADING to amulet of the acrobat.
  4082 | D:5      | 4082 ||| UPGRADING to ring of willpower.
  4084 | D:5      | 4084 ||| UPGRADING to ring of protection from cold.
  4086 | D:5      | 4086 ||| READING scroll of identify.
  4086 | D:5      | 4086 ||| IDENTIFYING golden potion
  4087 | D:5      | 4087 ||| READING scroll labelled CINEWU ZYJY.
  4087 | D:5      | 4087 ||| BRANDING +1 longbow of electrocution.
  4088 | D:5      | 4088 ||| DRINKING 2 brown potions.
  4099 | D:6      | 4099 ||| PLANNING SEWER
  4116 | D:6      | Reached * piety under Okawaru
  4117 | D:6      | Reached skill level 12 in Ranged Weapons
  4173 | D:6      | Reached skill level 1 in Invocations
  4173 | D:6      | Reached XP level 8. HP: 45/45 MP: 9/11
  4328 | D:6      | Reached skill level 3 in Fighting
  4330 | D:6      | Reached skill level 3 in Invocations
  4555 | D:6      | Reached ** piety under Okawaru
  4592 | D:6      | Found a glowing drain.
  4593 | D:6      | 4593 ||| UPGRADING to +0 pair of gloves.
  4609 | Sewer    | Entered a sewer
  4640 | Sewer    | 4640 ||| READING scroll of brand weapon.
  4640 | Sewer    | 4640 ||| BRANDING +1 longbow of draining.
  4682 | Sewer    | Identified the ring of the Skies Above {Fire +Blink rPois
                  | Int+3}
  4711 | Sewer    | 4711 ||| UPGRADING to +0 scale mail of cold resistance.
  4721 | Sewer    | 4721 ||| UPGRADING to ring of the Skies Above {Fire +Blink
                  | rPois Int+3}.
  4723 | Sewer    | 4723 ||| READING scroll labelled OZENOA PYIZIR.
  4723 | Sewer    | 4723 ||| ENCHANTING +0 pair of gloves.
  4724 | Sewer    | 4724 ||| READING scroll labelled BAOHOF KEYVINT.
  4742 | D:6      | 4742 ||| PLANNING D:1-11
  4818 | D:6      | Found an opulent altar of Gozag.
  4877 | D:7      | Reached skill level 13 in Ranged Weapons
  4968 | D:7      | Reached XP level 9. HP: 50/50 MP: 14/14
  5229 | D:7      | Reached skill level 14 in Ranged Weapons
  5538 | D:7      | Found Giwinopn's Antique Armour Boutique.
  5701 | D:7      | 5701 ||| UPGRADING to +1 helmet.
  5711 | D:7      | 5711 ||| DROPPING +0 helmet.
  5712 | D:7      | 5712 ||| DRINKING 2 blue potions.
  5712 | D:7      | Gained mutation: You expend magic power (3 MP) to
                  | strengthen your wands. [potion of mutation]
  5713 | D:7      | 5713 ||| DRINKING 2 smoky cyan potions.
  5714 | D:7      | 5714 ||| FLEEEEING.
  5715 | D:7      | 5715 ||| FLEEEEING.
  5716 | D:7      | 5716 ||| FLEEEEING.
  5717 | D:7      | 5717 ||| FLEEEEING.
  5818 | D:7      | 5818 ||| DROPPING potion of berserk rage.
  5822 | D:8      | Found Xowemp's Antique Weapon Emporium.
  5823 | D:8      | 5823 ||| STAIRDANCE
  5896 | D:8      | 5896 ||| STAIRDANCE
  5925 | D:8      | 5925 ||| STAIRDANCE
  5931 | D:7      | Reached *** piety under Okawaru
  5946 | D:8      | 5946 ||| STAIRDANCE
  5967 | D:8      | 5967 ||| STAIRDANCE
  6057 | D:8      | 6057 ||| STAIRDANCE
  6075 | D:8      | 6075 ||| STAIRDANCE
  6078 | D:7      | Reached skill level 15 in Ranged Weapons
  6166 | D:8      | Found a snail-covered altar of Cheibriados.
  6175 | D:8      | Slain by a wyvern

Levels and vault maps discovered:
D:1:      heliophobic_arrival_battle_scene, layout_loops_ring, chequers_garden
D:2:      layout_loops_ring, uniq_robin, uniq_jessica, uniq_natasha
D:3:      layout_loops_ring, serial_shops, shop, shop, shop,
          nicolae_shop_bloodbath_and_beyond
D:4:      layout_loops_ring, nicolae_uskayaw_dance_hall, serial_glass,
          glass_columns_b, glass_columns_b
D:5:      layout_loops_ring, nicolae_hepliaklqana_hippocampus,
          chequers_temple_overflow_minitemple, minmay_temple_entry_stoned_glass
D:6:      layout_rooms, mainiacjoe_overflow_alcove_1,
          cheibrodos_sewer_entry_bend, serial_library_regret_index_small_wings,
          hangedman_abyss_or_decor_passed
D:7:      layout_loops_ring, serial_shops, nicolae_shop_peninsula,
          nicolae_houndstooth_variations
D:8:      layout_basic, general_overflow_altar, serial_shops,
          nicolae_shop_temple_entry_statues_fountains, shop,
          nicolae_shop_scrapyard, shop, uniq_jeremiah
Temple:   eino_temple_lava

Skill      XL: |  1  2  3  4  5  6  7  8  9 |
---------------+----------------------------+-----
Ranged Weapons | 6 7 8 9 10 12 13 15 | 15.0
Dodging        | 3 4 |  4.3
Fighting       | 2 3 |  3.0
Armour         | 1 2 |  2.0
Invocations    | 1 4 |  4.0
Stealth        | |  1.2

Action                     |  1- 3 |  4- 6 |  7- 9 || total
---------------------------+-------+-------+-------++-------
   Fire: Shortbow          |    98 |   109 |       ||   207
         Longbow           |       |    43 |   189 ||   232
    Use: Scroll            |     2 |    10 |     6 ||    18
         Potion            |       |     1 |     3 ||     4
 Armour: Leather armour    |    33 |     7 |       ||    40
         Robe              |       |     4 |       ||     4
         Ring mail         |       |     6 |    19 ||    25
         Scale mail        |       |       |   100 ||   100
  Dodge: Dodged            |    34 |    29 |   175 ||   238

Table legend:
 A = Non-vault XP
 B = Vault XP
 C = Vault XP percentage of total XP
 D = Non-vault monster count
 E = Vault monster count
 F = Vault count percentage of total count
                 A         B        C        D         E       F
            +---------+---------+-------+---------+---------+-------
      Total |    3542 |     233 |   6.2 |     133 |      18 |  11.9
            +---------+---------+-------+---------+---------+-------
        D:1 |      44 |       0 |   0.0 |      17 |       0 |   0.0
        D:2 |     158 |      99 |  38.5 |      26 |       9 |  25.7
        D:3 |      78 |       0 |   0.0 |      13 |       0 |   0.0
        D:4 |     187 |       0 |   0.0 |      12 |       0 |   0.0
        D:5 |     523 |       0 |   0.0 |       9 |       0 |   0.0
        D:6 |    1107 |       4 |   0.4 |      17 |       1 |   5.6
        D:7 |    1442 |       0 |   0.0 |      38 |       0 |   0.0
        D:8 |       3 |       0 |   0.0 |       1 |       0 |   0.0
      Sewer |       0 |     130 | 100.0 |       0 |       8 | 100.0
            +---------+---------+-------+---------+---------+-------
